cohdb
Replays
Latest Replays
All Replays
Popular Replays
Top Player Replays
Match Explorer
How It Works
Community
CoH3 Stats
Reddit
Sign in to upload your games and track your stats! →
Sign in with Steam
Match 47324176
Unlisted
Match 47324176
Overview
Messages
Build Orders
End
Selects Airborne Battlegroup
Selects Pathfinders
Pathfinder Squad
Construct Weapon Support Center
M1919 Machine Gun Team
M1919 Machine Gun Team
Mechanized Support Center
Construct Medical Station
Selects Paratrooper Squad Paradrop
Paratrooper Squad Paradrop
Paratrooper Squad Paradrop
Designate Forward Repair Station
Construct Tank Depot
M4A1 Sherman Medium Tank
Selects Recon Loiter
Selects Supply Drop
Selects Dual P-47 Rocket Strike
M4(105) Sherman Bulldozer
Recon Loiter
M4A1 76mm Conversion
Selects Anti-tank Gun Team Paradrop
Recon Loiter
Supply Drop
M4A1(76) Sherman Medium Tank
Dual P-47 Rocket Strike
Improvised Armor
Winitariy
Ziggity
Major Storm
[38.] Nowhere Queen
0
0
Comments
sign in to comment!
No comments posted yet!